 Dungeon Crawl Stone Soup version 0.25.1-2-g60ff931df9 (webtiles) character file.

Game seed: 8190549661904502314

1761 Curus the Spear-Bearer (level 9, -5/108 HPs)
             Began as a Merfolk Berserker on Oct 5, 2020.
             Was an Elder of Trog.
             Slain by an orc warrior
             ... wielding a +0 trident
              (7 damage)
             ... on level 6 of the Dungeon.
             The game lasted 00:30:52 (6140 turns).

Curus the Spear-Bearer (Merfolk Berserker)          Turns: 6140, Time: 00:30:53

Health: -5/108     AC:  9    Str: 17    XL:     9   Next: 7%
Magic:  18/18      EV: 17    Int:  8    God:    Trog [****..]
Gold:   331        SH:  0    Dex: 15    Spells: 8/8 levels left

rFire    . . .     SeeInvis .   a - +1 spear
rCold    . . .     Gourm    .   (no shield)
rNeg     . . .     Faith    +   j - +1 leather armour
rPois    .         Spirit   .   (no helmet)
rElec    .         Reflect  .   t - +2 cloak {Stlth+}
rCorr    .         Harm     .   f - +1 pair of gloves
MR       .....                  (no boots)
Stlth    ..........             k - amulet of faith
HPRegen  0.28/turn              e - ring of magical power
MPRegen  0.16/turn              (no ring)

@: berserking (expiring), very quick
A: change form in water, swift swim, stealthy swim
a: Berserk, Trog's Hand, Brothers in Arms, Renounce Religion


You were on level 6 of the Dungeon.
You worshipped Trog.
Trog was greatly pleased with you.
You were near starving.

You visited 1 branch of the dungeon, and saw 6 of its levels.

You collected 367 gold pieces.
You spent 36 gold pieces at shops.

Inventory:

Hand Weapons
 a - a +1 spear (weapon)
Armour
 b - a +1 animal skin
 f - a +1 pair of gloves (worn)
 i - a +1 cloak
 j - a +1 leather armour (worn)
 p - a scarf of invisibility
 t - a +2 cloak of stealth (worn)
Jewellery
 e - a ring of magical power (left hand)
 k - an amulet of faith (around neck)
Wands
 m - a wand of random effects (17)
Scrolls
 d - 4 scrolls of identify
 g - 3 scrolls of remove curse
 o - 4 scrolls of teleportation
 q - a scroll of fear
Potions
 h - 4 potions of lignification
 l - 3 potions of heal wounds
 r - a potion of resistance
 s - a potion of curing
Comestibles
 c - 9 rations
 n - 2 chunks of flesh


   Skills:
 + Level 7.0 Fighting
 - Level 12.0 Polearms
 - Level 1.3 Armour
 + Level 7.8 Dodging


You had 8 spell levels left.
You didn't know any spells.
Your spell library was empty.

Dungeon Overview and Level Annotations

Branches:
Dungeon (6/15)             Temple (0/1) D:5

Altars:
Ashenzari
Cheibriados
Dithmenos
Qazlal
Sif Muna
Uskayaw
Xom
The Shining One

Shops:
D:6 [}*

Annotations:
D:5 3 runed translucent doors, DungeonDestroyer's ghost, amateur GnFi


Message History

You barely miss the necrophage.
The necrophage is almost destroyed.
The necrophage closely misses you.
You hit the necrophage.
You destroy the necrophage!
Trog accepts your kill.
Your Fighting skill increases to level 7!
You closely miss the orc warrior.
The orc warrior hits you but does no damage.
The orc warrior barely misses you. The orc closely misses you.
You hit the orc warrior.
The orc warrior is moderately wounded.
You barely miss the orc warrior.
The orc warrior is moderately wounded.
The orc hits you with a +0 hand axe.
* * * LOW HITPOINT WARNING * * *
You closely miss the orc warrior.
The orc warrior is moderately wounded.
The orc warrior hits you with a +0 trident!
You die...

### #.## ###..#
....####
########......##
#.....##.......#
#......†.[.....###
##........)o......
#.......†)@o.....#
##.........oo......
#..#...............
###.#...............
###.#.#....##.........
#.....#...#...........
#......(..##..........
##....................
##.#...#....


You could see 2 orc warriors and 2 orcs.

Vanquished Creatures
  Maggie (D:6)
  Sigmund (D:2)
  Eustachio (D:4)
  Edmund (D:5)
  A sky beast (D:5)
  A necrophage (D:6)
  An ogre (D:5)
  A wyvern skeleton (D:6)
  A scorpion (D:6)
  A howler monkey (D:6)
  A crimson imp (D:6)
  3 orc wizards
  An orc priest (D:6)
  A centaur skeleton (D:6)
  2 hounds (D:4)
  Crazy Yiuf (D:5)
  An iguana (D:5)
  Jessica (D:3)
  A bullfrog skeleton (D:4)
  Natasha (D:3)
  5 worker ants
  A hound skeleton (D:4)
  3 gnolls (D:4)
  5 adders
  A shadow imp (D:6)
  2 oozes
  An adder skeleton (D:5)
  A dart slug (D:1)
  5 leopard geckos
  7 orcs
  5 giant cockroaches
  8 goblins
  4 hobgoblins
  11 jackals
  3 quokkas
  A ball python (D:2)
  8 bats
  5 frilled lizards
  3 kobolds
  2 leopard gecko skeletons
  11 rats
115 creatures vanquished.

Vanquished Creatures (others)
  An orc wizard (D:5)
1 creature vanquished.

Grand Total: 116 creatures vanquished

Notes
Turn   | Place    | Note
-------+----------+-------------------------------------------
     0 | D:1      | Curus the Merfolk Berserker began the quest for the Orb.
     0 | D:1      | Reached XP level 1. HP: 18/18 MP: 1/1
   158 | D:1      | Reached skill level 5 in Polearms
   293 | D:1      | Reached XP level 2. HP: 24/24 MP: 2/2
   517 | D:1      | Found a shattered altar of Ashenzari.
   715 | D:1      | Reached skill level 6 in Polearms
   715 | D:1      | Reached XP level 3. HP: 29/29 MP: 3/3
   935 | D:1      | Reached ** piety under Trog
  1310 | D:2      | Found a faded altar of an unknown god.
  1381 | D:2      | Noticed Sigmund
  1402 | D:2      | Killed Sigmund
  1402 | D:2      | Reached skill level 9 in Polearms
  1402 | D:2      | Reached XP level 4. HP: 5/35 MP: 4/4
  1402 | D:2      | Reached XP level 5. HP: 6/41 MP: 5/5
  1489 | D:2      | Found a shimmering altar of Xom.
  1806 | D:2      | Found a glowing golden altar of the Shining One.
  1927 | D:2      | Found a hide-covered altar of Uskayaw.
  1954 | D:2      | Reached XP level 6. HP: 43/47 MP: 6/6
  2409 | D:3      | Noticed Jessica
  2415 | D:3      | Killed Jessica
  2904 | D:3      | Reached skill level 10 in Polearms
  2906 | D:3      | Noticed Natasha
  2913 | D:3      | Killed Natasha
  3163 | D:4      | Reached XP level 7. HP: 43/52 MP: 7/7
  3219 | D:4      | Noticed Eustachio
  3221 | D:4      | Reached skill level 11 in Polearms
  3255 | D:4      | Killed Eustachio
  3901 | D:4      | Reached *** piety under Trog
  3901 | D:4      | Reached skill level 12 in Polearms
  4369 | D:4      | Found a stormy altar of Qazlal.
  4369 | D:4      | Found a snail-covered altar of Cheibriados.
  4374 | D:4      | Found a faded altar of an unknown god.
  4376 | D:4      | Found a shadowy altar of Dithmenos.
  4377 | D:4      | Found a faded altar of an unknown god.
  4496 | D:5      | Entered Level 5 of the Dungeon
  4543 | D:5      | Noticed DungeonDestroyer's ghost (amateur GnFi)
  4648 | D:5      | Found a staircase to the Ecumenical Temple.
  4709 | D:5      | Found a shimmering blue altar of Sif Muna.
  4881 | D:5      | Identified Sif Muna's Compendium of Heat
  5001 | D:5      | Reached XP level 8. HP: 56/60 MP: 8/8
  5157 | D:5      | Found a runed translucent door.
  5158 | D:5      | Noticed Crazy Yiuf
  5181 | D:5      | Noticed Edmund
  5183 | D:5      | Found a runed translucent gate.
  5183 | D:5      | Found a runed translucent gate.
  5183 | D:5      | Found a runed translucent gate.
  5244 | D:5      | Killed Edmund
  5252 | D:5      | Reached skill level 5 in Fighting
  5252 | D:5      | Reached skill level 5 in Dodging
  5510 | D:5      | Found the +10 Black Knight's horse barding {ponderous,
                  | rPois rN+}
  5790 | D:6      | Found Soinkuz's General Store.
  5794 | D:6      | Bought a potion of curing for 36 gold pieces
  5843 | D:6      | Found Wautyl's Gadget Emporium.
  5847 | D:6      | Found Eblasini's Antique Armour Boutique.
  5908 | D:5      | Killed Crazy Yiuf
  6094 | D:6      | Noticed Maggie
  6114 | D:6      | Killed Maggie
  6123 | D:6      | Reached **** piety under Trog
  6123 | D:6      | Reached XP level 9. HP: 33/71 MP: 9/9
  6139 | D:6      | HP: 2/108 [orc/+0 hand axe (6)]
  6140 | D:6      | Slain by an orc warrior

Illustrated notes

Levels and vault maps discovered:
D:1:      minmay_arrival_widening_spiral_wide, layout_loops_ring,
          ashenzari_altar_1
D:2:      layout_loops_cross, nicolae_overflow_crystal_walls,
          lemuel_crystal_altar, chequers_ecumenical_altar_grove, tgw_xom,
          uniq_sigmund
D:3:      layout_rooms, uniq_natasha, uniq_jessica
D:4:      layout_loops_cross, chequers_temple_overflow_minitemple,
          uniq_eustachio
D:5:      layout_basic, led_sif_book, minmay_temple_entry_overgrown,
          first_ration, gammafunk_ghost_icy, uniq_edmund,
          uniq_crazy_yiuf_cottage
D:6:      layout_cave_pools, serial_shops, nicolae_shop_waterfront, shop,
          shop_statue, shop, shop, uniq_maggie

Skill      XL: |  1  2  3  4  5  6  7  8  9 |
---------------+----------------------------+-----
Polearms       | 5 6 9 10 12 | 12.0
Dodging        | 4 7 |  7.8
Fighting       | 4 6 7 |  7.0
Armour         | |  1.3

Action                   |  1- 3 |  4- 6 |  7- 9 || total
-------------------------+-------+-------+-------++-------
Melee: Spear             |   141 |   128 |   322 ||   591
Invok: Berserk           |     2 |     1 |     2 ||     5
       Trog's Hand       |     1 |       |       ||     1
  Use: Scroll            |     4 |     4 |     5 ||    13
       Potion            |     4 |     2 |     3 ||     9
 Stab: Sleeping          |     1 |     1 |       ||     2
  Eat: Chunk             |     3 |     8 |     6 ||    17
       Ration            |       |       |     1 ||     1
Armor: Animal skin       |    19 |    14 |       ||    33
       Leather armour    |       |     5 |    38 ||    43
Dodge: Dodged            |    66 |    45 |    99 ||   210
